 Dungeon Crawl Stone Soup version 0.20-a0-350-ga83eecc (webtiles) character file.

9189 kuniqs the Fighter (level 11, 0/108 HPs)
             Began as a Gargoyle Fighter on Dec 23, 2016.
             Was a Priest of Qazlal.
             Slain by Snorg (12 damage)
             ... on level 10 of the Dungeon.
             The game lasted 00:27:51 (8419 turns).

kuniqs the Fighter (Gargoyle Fighter)               Turns: 8419, Time: 00:27:52

Health: 0/108      AC:  5    Str: 28    XL:     11   Next: 42%
Magic:  25/25      EV: 13    Int:  9    God:    Qazlal [***...]
Gold:   845        SH: 11    Dex: 11    Spells: 6/10 levels left

rFire  + . .     SeeInvis .     s - +3 flail (drain)
rCold  + + .     Gourm    .     y - +2 leather armour {rF+}
rNeg   + . .     Faith    .     I - +1 buckler "Seig" {MP+9 Dex+4}
rPois  ∞         Spirit   .     (no helmet)
rElec  +         Reflect  .     (no cloak)
rCorr  .         Harm     .     (no gloves)
MR     .....                    (no boots)
Stlth  ..........               h - amulet of rage
                                a - ring of protection from cold
                                o - +2 ring of evasion

@: berserking, corroded, very quick
A: clumsy 1, cold resistance 1, negative energy resistance 1, electricity
resistance, unbreathing, petrification resistance, rot immunity, AC +7
a: Upheaval, Elemental Force, Renounce Religion, Evoke Berserk Rage


You were on level 10 of the Dungeon.
You worshipped Qazlal.
Qazlal was most pleased with you.
You were hungry.

You visited 2 branches of the dungeon, and saw 12 of its levels.
You also visited: Bailey.

You collected 845 gold pieces.

Inventory:

Hand Weapons
 s - a +3 flail of draining (weapon)
 D - a +2 hand axe of chopping
Missiles
 b - 18 tomahawks of returning
 O - 11 tomahawks (quivered)
Armour
 c - a +0 shield
 y - a +2 leather armour of fire resistance (worn)
 C - a +2 chain mail of cold resistance
 I - the +1 buckler "Seig" (worn) {MP+9 Dex+4}
   (You took it off an orc on level 4 of the Dungeon)

   It affects your dexterity (+4).
   It affects your magic capacity (+9).
 M - a +0 scale mail of magic resistance
Magical Staves
 z - an uncursed staff of summoning {unknown}
Jewellery
 a - a ring of protection from cold (right hand)
 h - an amulet of rage (around neck)
 j - an uncursed ring of protection from magic {unknown}
 o - a +2 ring of evasion (left hand)
 H - an uncursed amulet of regeneration
Wands
 m - a wand of disintegration (9/24)
 K - a wand of slowing (15/48)
Scrolls
 g - a scroll of enchant armour {unknown}
 n - 2 scrolls of recharging
 t - a scroll of teleportation
 w - 2 scrolls of fog
 x - a scroll of immolation
 A - 2 scrolls of blinking
 B - a scroll of enchant weapon
 G - a scroll of fear
Potions
 i - 3 potions of might
 k - a potion of lignification
 l - a potion of agility
 p - 3 potions of curing {@q1}
 r - a potion of brilliance
 u - 4 potions of heal wounds
 E - 3 potions of resistance
 F - a potion of haste
 J - a potion of berserk rage
Comestibles
 d - 7 bread rations
 e - 3 meat rations
 f - 8 fruits
 q - 5 slices of pizza
 v - 3 beef jerkies
 L - 9 royal jellies
 N - 5 chunks of flesh


   Skills:
 + Level 9.7 Fighting
 + Level 7.8 Axes
 + Level 8.6 Armour
 + Level 9.7 Shields
 + Level 7.5 Invocations


You had 6 spell levels left.
You knew the following spells:

 Your Spells              Type           Power        Failure   Level  Hunger
a - Regeneration          Chrm/Necr      #.........   96%         3    ####...
b - Animate Skeleton      Necr           N/A          45%         1    ##.....


Dungeon Overview and Level Annotations

Branches:
Dungeon (11/15)            Temple (1/1) D:4
   Lair: D:8-11         Orc: D:9-12

Altars:
Cheibriados
Dithmenos
Elyvilon
Fedhas
Gozag
Hepliaklqana
Kikubaaqudgha
Makhleb
Okawaru
Qazlal
Ru
Sif Muna
Trog
Uskayaw
Vehumet
Xom
Yredelemnul
Zin
The Shining One

Shops:
D:7 =   D:9 :

Annotations:
D:3 exclusion: downstairs
D:4 exclusion: oklob plant
D:8 RETURN WITH FLIGHT, 1 exclusion
D:10 Snorg
D:11 DEFE's ghost, novice FeWn


Innate Abilities, Weirdness & Mutations

You are resistant to torment.
Your stone body is resilient. (AC +7)
You are immune to poison.
You resist negative energy. (rN+)
You are resistant to electric shocks. (rElec)
You can survive without breathing.
You are immune to petrification.
You are immune to rotting.
You are clumsy. (Dex -2)
Your flesh is cold resistant. (rC+)


Message History

Snorg claws you! Snorg misses you.
You closely miss Snorg.
The centaur is struck by lightning.
You kill the centaur!
Qazlal accepts your kill.
You hear a shout!
You hear two shouts!
You hear a shout!
You hear a bark!
You barely miss Snorg. You block Snorg's attack. x2
Snorg claws you but does no damage.
You closely miss Snorg.
Snorg goes berserk!
You are feeling hungry.
You sock Snorg! You block Snorg's attack. Snorg claws you.
You block Snorg's attack.
You closely miss Snorg. Snorg bites you! Snorg barely misses you.
You block Snorg's attack.
You barely miss Snorg. Snorg bites you!
* * * LOW HITPOINT WARNING * * *
Snorg barely misses you. x2
You sock Snorg! You block Snorg's attack. Snorg misses you. Snorg claws you!
* * * LOW HITPOINT WARNING * * *
Snorg closely misses you. Snorg claws you!
You die...

####....
#......#
#......# ##
#......#...
#......#..#
#.........#
#..§.......
#.§@T>...#
##.§.)....#
#.........#
#...###...#
###..#..#.##
#.........
#....##...
#.##.##.#
##.....#.....#
...


You could see Snorg (berserk).

Vanquished Creatures
  Erolcha (D:9)
  2 two-headed ogres (D:8)
  Pikel (D:7)
  An orc knight (Bailey)
  An ugly thing (D:11)
  3 hornets (D:8)
  A hippogriff (D:7)
  2 shadows
  Grum (D:8)
  A soldier ant (D:8)
  A water moccasin (D:6)
  Duvessa (D:4)
  6 orc warriors
  3 ice beasts
  4 sky beasts
  6 ogres
  2 phantoms
  4 wolves (D:8)
  2 centaurs (D:10)
  A big kobold (D:10)
  4 bullfrogs
  Dowan (D:4)
  9 killer bees
  3 howler monkeys
  A crimson imp (D:8)
  A bullfrog zombie (D:8)
  A quasit (D:9)
  2 centaur skeletons
  2 orc priests
  2 jellies
  3 bullfrog skeletons
  3 centaur zombies
  5 hounds
  3 orc wizards
  Ijyb (D:1)
  Jessica (D:2)
  Terence (D:2)
  6 worker ants
  A hound skeleton (D:5)
  2 gnolls (Bailey)
  9 adders
  2 shadow imps (D:5)
  An ooze (D:1)
  2 adder zombies
  A worm (D:7)
  6 leopard geckos
  33 orcs
  A ball python (D:2)
  5 bats
  2 giant cockroaches
  9 goblins
  10 hobgoblins
  6 jackals (D:2)
  6 quokkas
  3 frilled lizards
  32 kobolds
  2 leopard gecko skeletons
  A leopard gecko zombie (D:8)
  9 rats
236 creatures vanquished.

Vanquished Creatures (others)
  An orc wizard (D:3)
1 creature vanquished.

Grand Total: 237 creatures vanquished

Notes
Turn   | Place    | Note
-------+----------+-------------------------------------------
     0 | D:1      | kuniqs the Gargoyle Fighter began the quest for the Orb.
     0 | D:1      | Reached XP level 1. HP: 14/14 MP: 1/1
   334 | D:2      | Reached XP level 2. HP: 19/19 MP: 2/2
   427 | D:2      | Noticed Ijyb
   452 | D:1      | Killed Ijyb
   452 | D:1      | Reached XP level 3. HP: 16/24 MP: 3/3
   992 | D:2      | Found a white marble altar of Elyvilon.
  1014 | D:2      | Reached XP level 4. HP: 29/29 MP: 4/4
  1301 | D:2      | Noticed Terence
  1317 | D:2      | Killed Terence
  1636 | D:2      | Noticed Jessica
  1653 | D:2      | Killed Jessica
  1653 | D:2      | Reached XP level 5. HP: 26/34 MP: 5/5
  1969 | D:2      | Found a shadowy altar of Dithmenos.
  2347 | D:3      | Reached XP level 6. HP: 34/40 MP: 6/6
  2370 | D:3      | Reached skill level 5 in Fighting
  2370 | D:3      | Reached skill level 5 in Shields
  2788 | D:4      | Noticed Duvessa
  2788 | D:4      | Noticed Dowan
  2847 | D:3      | Found a blossoming altar of Fedhas.
  3076 | D:4      | Found a blossoming altar of Fedhas.
  3153 | D:4      | Killed Dowan
  3217 | D:4      | Killed Duvessa
  3217 | D:4      | Reached XP level 7. HP: 45/45 MP: 7/7
  3343 | D:5      | Entered Level 5 of the Dungeon
  3387 | D:4      | Found a staircase to the Ecumenical Temple.
  3392 | Temple   | Entered the Ecumenical Temple
  3424 | Temple   | Became a worshipper of Qazlal Stormbringer
  3458 | D:4      | Found a glowing golden altar of the Shining One.
  3498 | D:4      | Got a brightly glowing buckler
  3510 | D:4      | Identified the +1 buckler "Seig" {MP+9 Dex+4} (You took it off an orc on level 4 of the Dungeon)
  3655 | D:4      | Found a glowing silver altar of Zin.
  3926 | D:4      | Noticed an oklob plant
  4010 | D:6      | Reached skill level 1 in Invocations
  4107 | D:5      | Found a burning altar of Makhleb.
  4115 | D:5      | Reached XP level 8. HP: 51/51 MP: 9/9
  4504 | D:6      | Reached skill level 5 in Axes
  4579 | D:5      | Found a basalt altar of Yredelemnul.
  4787 | D:5      | Found a deep blue altar of Sif Muna.
  4949 | D:5      | Reached skill level 5 in Armour
  5087 | D:7      | Found a hide-covered altar of Uskayaw.
  5087 | D:7      | Noticed a dagger
  5087 | D:7      | Noticed a dagger
  5214 | D:6      | Reached * piety under Qazlal
  5265 | D:6      | Reached XP level 9. HP: 57/57 MP: 11/11
  5330 | D:6      | Gained mutation: Your flesh is cold resistant. (rC+) [potion of mutation]
  5330 | D:6      | Gained mutation: You are clumsy. (Dex -2) [potion of mutation]
  5414 | D:7      | Noticed Pikel
  5424 | D:7      | Killed Pikel
  5620 | D:7      | Found Ygeqaipp's Jewellery Boutique.
  5620 | D:7      | You fall through a shaft!
  5620 | D:8      | Found a hazy altar of Hepliaklqana.
  5620 | D:8      | Noticed Grum
  5625 | D:8      | Noticed a two-headed ogre
  5696 | D:8      | Killed a two-headed ogre
  5696 | D:8      | Reached skill level 5 in Invocations
  5721 | D:8      | Killed Grum
  5721 | D:8      | Reached XP level 10. HP: 57/64 MP: 14/14
  6111 | D:7      | Reached ** piety under Qazlal
  6219 | D:9      | Found a flagged portal.
  6228 | Bailey   | Entered a bailey
  6332 | Bailey   | Noticed an orc knight
  6347 | Bailey   | Killed an orc knight
  6855 | D:9      | Found Namek's Book Emporium.
  7018 | D:9      | Noticed Erolcha
  7028 | D:9      | Killed Erolcha
  7120 | D:9      | Found a shimmering altar of Xom.
  7122 | D:9      | Found a hazy altar of Hepliaklqana.
  7122 | D:9      | Found an ancient bone altar of Kikubaaqudgha.
  7124 | D:9      | Found a burning altar of Makhleb.
  7124 | D:9      | Found a sacrificial altar of Ru.
  7124 | D:9      | Found a bloodstained altar of Trog.
  7238 | D:8      | Reached XP level 11. HP: 58/71 MP: 16/16
  7292 | D:8      | Noticed a two-headed ogre
  7299 | D:8      | Killed a two-headed ogre
  7629 | D:7      | Noticed a moth of wrath
  7632 | D:7      | Found a bloodstained altar of Trog.
  7707 | D:7      | Learned a level 3 spell: Regeneration
  7709 | D:7      | Learned a level 1 spell: Animate Skeleton
  8256 | D:10     | Entered Level 10 of the Dungeon
  8273 | D:10     | Reached *** piety under Qazlal
  8379 | D:11     | Noticed a brown ugly thing
  8388 | D:11     | Killed a brown ugly thing
  8402 | D:11     | Noticed a four-headed hydra
  8404 | D:11     | Noticed DEFE's ghost (novice FeWn)
  8408 | D:10     | Noticed Snorg
  8419 | D:10     | Slain by Snorg

Vault maps used:
D:1:      minmay_arrival_five_plusses, minmay_tromino_v7
D:2:      elyvilon_altar_5, marbit_many_paths, uniq_iyjb, uniq_jessica,
          uniq_terence
D:3:      lemuel_coloured_pillars_altar, grunt_decor_mini_mirrors, minivault_11
D:4:      lemuel_doored_altar, zin_treasury, tgw_fedhas, uniq_duvessa
D:5:      yredelemnul_altar_generic, nicolae_overflow_crystal_walls,
          led_sif_pool, first_bread, nrook_pool_corridor
D:7:      dancing_weapons_uskayaw, tgw_trog, serial_shops, shop, uniq_pikel
D:8:      lemuel_round_altar, hangedman_pestilent_swarm, water_boxes_lemuel,
          uniq_grum
D:9:      doesnt_xom_only_xom, enter_bailey_2, serial_shops, shop, uniq_erolcha
D:10:     uniq_snorg
D:11:     lair_entry_dummy, lab_entry_generic
Temple:   compressed_dpeg_triangle_lava_temple
Bailey:   bailey_axe_1, bailey

Skill      XL: |  1  2  3  4  5  6  7  8  9 10 11 |
---------------+----------------------------------+-----
Axes           | 2 3 4 5 6 7 |  7.8
Fighting       | 4 5 6 7 8 9 |  9.7
Shields        | 4 5 6 7 8 9 |  9.7
Invocations    | 1 3 5 6 7 |  7.5
Armour         | 4 5 6 8 |  8.6

Action                   |  1- 3 |  4- 6 |  7- 9 | 10-12 || total
-------------------------+-------+-------+-------+-------++-------
Melee: War axe           |   122 |    21 |       |       ||   143
       Flail             |       |   134 |   235 |   300 ||   669
       Hand axe          |       |       |       |    46 ||    46
Throw: Tomahawk          |       |       |       |    34 ||    34
Invok: Upheaval          |       |       |       |     5 ||     5
 Abil: Evoke Berserk Rag |       |     3 |     5 |     5 ||    13
Evoke: Wand              |       |       |     2 |     5 ||     7
  Use: Scroll            |       |     5 |     4 |     8 ||    17
       Potion            |       |       |    10 |     1 ||    11
  Eat: Chunk             |     1 |     9 |     8 |    15 ||    33
       Bread ration      |       |       |     1 |       ||     1
Armor: Scale mail        |    81 |    25 |       |       ||   106
       Robe              |       |    60 |    19 |    68 ||   147
       Chain mail        |       |       |   102 |       ||   102
       Leather armour    |       |       |       |    70 ||    70
Dodge: Dodged            |    50 |    48 |   130 |   217 ||   445
Block: Shield            |    67 |   100 |    14 |       ||   181
       Buckler           |       |       |    83 |   251 ||   334
